AoeStats
← PeJeLaGaRtO

Scandinavia

510563871Analyzed
1v1 RM · 13h ago on Oct 1, 2026· 39m 34s· 2 players
Game mode
Random Map
Map size
Tiny (2 player)
Population
200
Speed
Normal
Resources
Standard
Victory
Conquest
Starting age
Dark Age
Ending age
Imperial Age
RankedLock teamsTeams togetherTeam positionsShared explorationLock speedFull tech treeHidden civsTurbo modeCheats
Victory
Defeat
🇦🇷 Byzantines · Argentina
460
+20
🇦🇺 Spanish · Australia
538
-20
sixteenthgore
6:43 Loom
15:21 Feudal Age
17:46 Fletching
17:56 Padded Archer Armor
23:12 Castle Age
24:21 Bodkin Arrow
30:18 Leather Archer Armor
31:32 Masonry
34:39 Imperial Age
36:53 Chemistry
PeJeLaGaRtO
7:00 Loom
10:38 Feudal Age
11:49 Fishing Lines
16:41 Wheelbarrow
16:38 Horse Collar
16:49 Double-Bit Axe
17:01 Stone Mining
22:24 Castle Age
20:42 Gold Mining
22:21 Forging
22:31 Pikeman
23:13 Squires
29:56 Imperial Age
28:29 Bow Saw
30:37 Hand Cart
31:46 Gold Shaft Mining
31:47 Stone Shaft Mining
32:29 Scale Barding Armor
33:18 Heavy Plow
34:22 Two-Man Saw
34:27 Elite Skirmisher
35:13 Thumb Ring
Connection lost

Rejoining the realm…

Still unreachable

The connection could not be restored.

Session expired

The server has moved on; the page needs a fresh start.